 Dungeon Crawl Stone Soup version 0.22.1-6-g1668fe2 (webtiles) character file.

917165 pomescollege the Slayer (level 27, -1/217 HPs)
             Began as a Gnoll Hunter on Jan 25, 2019.
             Was the Champion of Ashenzari.
             Killed from afar by a balrug (19 damage)
             ... with a fireball
             ... in Pandemonium on Jan 30, 2019.
             The game lasted 11:44:31 (109255 turns).

pomescollege the Slayer (Gnoll Hunter)            Turns: 109255, Time: 11:44:32

Health: -1/217     AC: 32    Str: 18    XL:     27
Magic:  4/46       EV: 37    Int: 25    God:    Ashenzari [******]
Gold:   5162       SH: 20    Dex: 39    Spells: 1/75 levels left

rFire    + . .     SeeInvis +   b - +9 demon trident (freeze)
rCold    + + .     Gourm    .   Z - +1 shield
rNeg     + . .     Faith    .   C - +7 scale mail of Wimimm {Dex+8} (curse)
rPois    +         Spirit   .   y - +2 helmet (curse)
rElec    +         Reflect  .   j - scarf {rC+ rF+} (curse)
rCorr    +         Harm     .   q - +2 pair of gloves {Dex+3} (curse)
MR       +++..     Clarity  +   p - +2 pair of boots (curse)
Stlth    ++++++++..             r - amulet "Booci" {+Blink rElec Regen+ Str-4} (curse)
HPRegen  0.86/turn              T - ring "Tifanax" {rN+ Str+6 Dex+6} (curse)
MPRegen  0.30/turn              N - ring "Akumatow" {rCorr rPois MR+ Dex+4 Slay+3} (curse)

@: about to teleport, resistant, fire vulnerable, studying Armour
A: distributed training, claws 1, fangs 1, hooves 1, berserk 2, clever 1, frail
1, low mp 1, sense surroundings 1, poison resistance, subdued magic 1,
MP-powered wands, strong nose
}: 6/15 runes: decaying, slimy, silver, abyssal, demonic, gossamer
a: Curse Item, Scrying, Renounce Religion, Evoke Blink


You were in Pandemonium.
You worshipped Ashenzari.
Ashenzari was exalted by your worship.
You were full.

You visited 15 branches of the dungeon, and saw 61 of its levels.
You visited Pandemonium 1 time, and saw 7 of its levels.
You visited the Abyss 2 times.
You also visited: Bailey.

You collected 9540 gold pieces.
You spent 4378 gold pieces at shops.

Inventory:

Hand Weapons
 b - a +9 demon trident of freezing (weapon)
 I - the +11 hunting sling of Darroash {freeze, rC+ Dex+2}
   (You found it on level 9 of the Dungeon)

   It causes projectiles fired from it to freeze those they strike, causing
   extra injury to most foes and up to half again as much damage against
   particularly susceptible opponents.
   They can also slow down cold-blooded creatures.
   It affects your dexterity (+2).
   It protects you from cold.
 P - the +3 Elemental Staff {rElec rF++ rC++ MR++ AC+5}
   (You found it on level 3 of the Elven Halls)

   It affects your AC (+5).
   It greatly protects you from fire.
   It greatly protects you from cold.
   It insulates you from electricity.
   It affects your resistance to hostile enchantments.
Missiles
 c - 11 tomahawks of returning (quivered)
 h - 1616 stones
Armour
 j - a cursed scarf of resistance (worn)
 p - a cursed +2 pair of boots (worn)
 q - a cursed +2 pair of gloves of dexterity (worn)
 y - a cursed +2 helmet (worn)
 C - the cursed +7 scale mail of Wimimm (worn) {Dex+8}
   (You took it off a deep elf blademaster on level 3 of the Elven Halls)

   It affects your dexterity (+8).
   It has a curse placed upon it.
 Z - a +1 shield (worn)
Magical Staves
 a - an uncursed staff of energy
 g - an uncursed staff of cold
Jewellery
 r - the cursed amulet "Booci" (around neck) {+Blink rElec Regen+ Str-4}
   (You found it on level 2 of the Depths)

   [amulet of regeneration]

   It affects your strength (-4).
   It insulates you from electricity.
   It lets you blink.
   It increases your rate of regeneration.
   It has a curse placed upon it.
 u - the cursed ring "Qaorig" {Ice Int+4 Dex+6}
   (You found it on level 5 of the Vaults)

   [ring of ice]

   It enhances your ice magic.
   It affects your intelligence (+4).
   It affects your dexterity (+6).
   It makes you vulnerable to fire.
   It protects you from cold.
   It has a curse placed upon it.
 E - the ring "Ablanuh" {rF+ Str+5 Dex+4}
   (You found it in Pandemonium)

   [ring of strength]

   It affects your strength (+5).
   It affects your dexterity (+4).
   It protects you from fire.
 N - the cursed ring "Akumatow" (right hand) {rCorr rPois MR+ Dex+4 Slay+3}
   (You found it on level 3 of the Depths)

   [ring of resist corrosion]

   It affects your dexterity (+4).
   It affects your accuracy and damage with ranged weapons and melee attacks
   (+3).
   It protects you from poison.
   It affects your resistance to hostile enchantments.
   It has a curse placed upon it.
 T - the cursed ring "Tifanax" (left hand) {rN+ Str+6 Dex+6}
   (You found it on level 6 of the Lair of Beasts)

   [ring of dexterity]

   It affects your strength (+6).
   It affects your dexterity (+6).
   It protects you from negative energy.
   It has a curse placed upon it.
Wands
 d - a wand of paralysis (27)
 n - a wand of polymorph (125)
 x - a wand of clouds (6)
 z - a wand of iceblast (7)
 M - a wand of acid (5)
 R - a wand of disintegration (29)
 V - a wand of flame (214)
Scrolls
 m - 3 scrolls of enchant armour
 o - 7 scrolls of fog
 t - 6 scrolls of vulnerability
 A - 28 scrolls of identify
 B - 3 scrolls of remove curse
 G - 2 scrolls of summoning
 J - a scroll of enchant weapon
 K - 6 scrolls of teleportation
 U - 2 scrolls of amnesia
 W - a scroll of magic mapping
Potions
 e - 2 potions of brilliance
 l - a potion of heal wounds
 v - 18 potions of curing
 w - 7 potions of flight
 D - a potion of resistance
 F - a potion of agility
 H - 2 potions of magic
 O - 2 potions of cancellation
 Q - 6 potions of ambrosia
 S - 5 potions of might
 X - 2 potions of haste
Books
 s - a manual of Armour
Miscellaneous
 i - a phial of floods
 k - the horn of Geryon
 L - a lamp of fire
Comestibles
 f - 37 rations


   Skills:
 + Level 25.1 Fighting
 + Level 21.1 Short Blades
 + Level 21.1 Long Blades
 + Level 21.1 Axes
 + Level 21.1 Maces & Flails
 + Level 21.1 Polearms
 + Level 21.1 Staves
 + Level 22.1 Slings
 + Level 21.1 Bows
 + Level 21.1 Crossbows
 + Level 21.1 Throwing
 + Level 23.6(26.8) Armour
 + Level 21.4(24.8) Dodging
 + Level 21.2 Stealth
 + Level 21.1 Shields
 + Level 21.1 Unarmed Combat
 + Level 24.9 Spellcasting
 + Level 18.3(22.0) Conjurations
 + Level 22.9(26.2) Hexes
 + Level 18.3(22.0) Charms
 + Level 18.3(22.0) Summonings
 + Level 18.3(22.0) Necromancy
 + Level 18.3(22.0) Translocations
 + Level 18.3(22.0) Transmutations
 + Level 18.3(22.0) Fire Magic
 + Level 18.3(22.0) Ice Magic
 + Level 18.3(22.0) Air Magic
 + Level 18.3(22.0) Earth Magic
 + Level 18.3(22.0) Poison Magic
 + Level 22.6 Invocations
 + Level 21.1(24.5) Evocations


You had one spell level left.
You knew the following spells:

 Your Spells              Type           Power        Failure   Level  Hunger
a - Portal Projectile     Hex/Tloc       ######       0%          3    None
b - Apportation           Tloc           ######       0%          1    None
c - Iron Shot             Conj/Erth      #######...   0%          6    None
d - Summon Butterflies    Summ           #######.     0%          1    None
e - Bolt of Fire          Conj/Fire      #######...   0%          6    None
f - Controlled Blink      Tloc           N/A          1%          8    #####..
g - Sublimation of Blood  Necr           #######...   0%          2    None
h - Metabolic Englaciati  Hex/Ice        #######...   0%          5    None
i - Dispersal             Tloc           #######...   0%          6    None
j - Bolt of Cold          Conj/Ice       #######...   0%          6    None
k - Spellforged Servitor  Conj/Summ      #######...   1%          7    ###....
l - Glaciate              Conj/Ice       #######...   19%         9    ######.
m - Summon Mana Viper     Hex/Summ       #######.     0%          5    None
n - Fire Storm            Conj/Fire      #######...   19%         9    ######.

Your spell library contained the following spells:

 Spells                   Type           Power        Failure   Level  Hunger
 Animate Skeleton         Necr           N/A          0%          1    None
 Beastly Appendage        Tmut           ######       0%          1    None
 Confusing Touch          Hex            ######       0%          1    None
 Corona                   Hex            #######      0%          1    None
 Freeze                   Ice            ####         0%          1    None
 Magic Dart               Conj           ####         0%          1    None
 Pain                     Necr           ####         0%          1    None
 Sandblast                Erth           ######       0%          1    None
 Sting                    Conj/Pois      ####         0%          1    None
 Summon Small Mammal      Summ           ####         0%          1    None
 Call Imp                 Summ           #######.     0%          2    None
 Corpse Rot               Necr           N/A          0%          2    None
 Ensorcelled Hibernation  Hex/Ice        ######       0%          2    None
 Passwall                 Tmut/Erth      #######.     0%          2    None
 Poisonous Vapours        Pois/Air       ######       0%          2    None
 Searing Ray              Conj           ######       0%          2    None
 Slow                     Hex            #######.     0%          2    None
 Sticks to Snakes         Tmut           #######.     0%          2    None
 Throw Frost              Conj/Ice       ######       0%          2    None
 Call Canine Familiar     Summ           #######.     0%          3    None
 Confuse                  Hex            #######.     0%          3    None
 Dazzling Spray           Conj/Hex       ######       0%          3    None
 Gell's Gravitas          Tloc           #######...   0%          3    None
 Ignite Poison            Fire/Tmut/Pois #######.     0%          3    None
 Inner Flame              Hex/Fire       #######.     0%          3    None
 Lesser Beckoning         Tloc           #######...   0%          3    None
 Mephitic Cloud           Conj/Pois/Air  #######.     0%          3    None
 Ozocubu's Armour         Chrm/Ice       #######.     0%          3    None
 Recall                   Summ/Tloc      N/A          0%          3    None
 Regeneration             Chrm/Necr      #######...   0%          3    None
 Spider Form              Tmut/Pois      #######...   0%          3    None
 Stone Arrow              Conj/Erth      ######       0%          3    None
 Summon Guardian Golem    Hex/Summ       #######.     0%          3    None
 Tukima's Dance           Hex            #######.     0%          3    None
 Vampiric Draining        Necr           #######...   0%          3    None
 Animate Dead             Necr           N/A          0%          4    None
 Cause Fear               Hex            #######...   0%          4    None
 Force Lance              Conj/Tloc      #######.     0%          4    None
 Fulminant Prism          Conj/Hex       #######...   0%          4    None
 Ice Form                 Ice/Tmut       #######.     0%          4    None
 Iskenderun's Mystic Bla  Conj           #######.     0%          4    None
 Leda's Liquefaction      Hex/Erth       #######...   0%          4    None
 Olgreb's Toxic Radiance  Pois           #######.     0%          4    None
 Petrify                  Tmut/Erth      #######.     0%          4    None
 Summon Ice Beast         Ice/Summ       #######.     0%          4    None
 Summon Lightning Spire   Summ/Air       #######.     0%          4    None
 Throw Icicle             Conj/Ice       #######.     0%          4    None
 Agony                    Necr           #######.     0%          5    None
 Alistair's Intoxication  Tmut/Pois      #######.     0%          5    None
 Aura of Abjuration       Summ           #######...   0%          5    None
 Blade Hands              Tmut           #######...   0%          5    None
 Bolt of Draining         Conj/Necr      #######...   0%          5    None
 Bolt of Magma            Conj/Fire/Erth #######...   0%          5    None
 Borgnjor's Vile Clutch   Necr/Erth      #######...   0%          5    None
 Dispel Undead            Necr           #######.     0%          5    None
 Excruciating Wounds      Chrm/Necr      #######...   0%          5    None
 Fireball                 Conj/Fire      #######...   0%          5    None
 Irradiate                Conj/Tmut      #######...   0%          5    None
 Iskenderun's Battlesphe  Conj/Chrm      #######.     0%          5    None
 Lee's Rapid Deconstruct  Erth           #######...   0%          5    None
 Silence                  Hex/Air        #######...   0%          5    None
 Summon Demon             Summ           #######...   0%          5    None
 Summon Forest            Summ/Tloc      #######...   0%          5    None
 Venom Bolt               Conj/Pois      #######...   0%          5    None
 Yara's Violent Unravell  Hex/Tmut       #######...   0%          5    None
 Conjure Ball Lightning   Conj/Air       #######...   0%          6    None
 Death Channel            Necr           #######...   0%          6    None
 Deflect Missiles         Chrm/Air       #######...   0%          6    None
 Freezing Cloud           Conj/Ice/Air   #######...   0%          6    None
 Hydra Form               Tmut           #######...   0%          6    None
 Invisibility             Hex            #######.     0%          6    None
 Ozocubu's Refrigeration  Ice            #######...   0%          6    None
 Poison Arrow             Conj/Pois      #######...   0%          6    None
 Shadow Creatures         Summ           N/A          0%          6    None
 Simulacrum               Ice/Necr       #######...   0%          6    None
 Statue Form              Tmut/Erth      #######..    0%          6    None
 Dragon Form              Tmut           #######...   1%          7    ###....
 Haunt                    Necr/Summ      #######...   1%          7    ###....
 Malign Gateway           Summ/Tloc      #######...   1%          7    ###....
 Monstrous Menagerie      Summ           #######...   1%          7    ###....
 Orb of Destruction       Conj           #######...   1%          7    ###....
 Ring of Flames           Chrm/Fire      #######...   1%          7    ###....
 Summon Greater Demon     Summ           #######...   1%          7    ###....
 Summon Hydra             Summ           #######...   1%          7    ###....
 Borgnjor's Revivificati  Necr           #######...   1%          8    #####..
 Chain Lightning          Conj/Air       #######...   1%          8    #####..
 Death's Door             Chrm/Necr      #######...   1%          8    #####..
 Discord                  Hex            #######...   1%          8    #####..
 Disjunction              Tloc           #######...   1%          8    #####..
 Ignition                 Fire           #######...   1%          8    #####..
 Infestation              Necr           #######...   1%          8    #####..
 Lehudib's Crystal Spear  Conj/Erth      #######...   1%          8    #####..
 Necromutation            Tmut/Necr      #######...   1%          8    #####..
 Summon Horrible Things   Summ           #######...   1%          8    #####..
 Shatter                  Erth           #######...   19%         9    ######.
 Tornado                  Air            #######...   19%         9    ######.


Dungeon Overview and Level Annotations

Branches:
Dungeon (15/15)            Temple (1/1) D:5            Lair (6/6) D:11
  Swamp (4/4) Lair:3       Spider (4/4) Lair:4        Slime (5/5) Lair:6
    Orc (2/2) D:9             Elf (3/3) Orc:2        Vaults (5/5) D:13
  Crypt (3/3) Vaults:2       Tomb (1/3) Crypt:3      Depths (5/5) D:15
   Hell (1/1)                 Dis (0/7) Hell            Geh (1/7) Hell
    Coc (0/7) Hell            Tar (0/7) Hell            Zot (5/5) Depths:5

Altars:
Ashenzari
Cheibriados
Dithmenos
Elyvilon
Fedhas
Gozag
Hepliaklqana
Kikubaaqudgha
Makhleb
Nemelex Xobeh
Okawaru
Qazlal
Ru
Sif Muna
Trog
Uskayaw
Vehumet
Wu Jian
Xom
Yredelemnul
Zin
The Shining One
Beogh
Jiyva

Shops:
D:8 [   D:12 ==*:(   Orc:1 (   Orc:2 :*}*   Elf:1 :   Vaults:2 (   Depths:1 =

Portals:
Hell: Depths:1 Depths:2 Depths:3 Depths:4 Depths:5
Abyss: Depths:4
Pandemonium: Depths:1 Depths:3 Depths:4
Ziggurat: Depths:4

Annotations:
D:5 exclusion: hippogriff
D:9 exclusion: downstairs
Lair:1 exclusion: 2 oklob plants
Elf:2 3 runed doors
Elf:3 1 exclusion
Tomb:1 1 exclusion
Zot:3 2 exclusions
Zot:5 1 exclusion
Pan Cerebov


Innate Abilities, Weirdness & Mutations

Your experience applies equally to all skills.
You have very sharp teeth.
Your uncanny sense of smell can sniff out nearby items.
You have sharp fingernails.
You have large cloven feet.
You often lose your temper in combat.
Your mind is acute. (Int +2)
You are frail. (-10% HP)
Your magical capacity is low. (-10% MP)
You passively map a small area around you.
Your system is resistant to poisons. (rPois)
Your spells are a little easier to cast, but a little less powerful.
You expend magic power (3 MP) to strengthen your wands.


Message History

You feel strangely unstable.
The balrug shouts!
The sun demon completely misses you.
The balrug shouts!
As you read the scroll of fog, it crumbles to dust.
The scroll dissolves into smoke.
The red devil closely misses you. The sun demon closely misses you.
The efreet gestures at you.
The fireball explodes!
The fireball engulfs you! You resist.
* * * LOW HITPOINT WARNING * * *
The fireball engulfs the sun demon.
The sun demon completely resists.
The fireball engulfs the sun demon.
The sun demon completely resists.
The fireball engulfs the sun demon.
The sun demon completely resists.
The balrug gestures at you.
The fireball explodes!
The fireball engulfs the sun demon.
The sun demon completely resists.
The fireball engulfs the red devil.
The red devil completely resists.
The fireball engulfs the sun demon.
The sun demon completely resists.
The fireball engulfs the sun demon.
The sun demon completely resists.
The fireball engulfs you! You resist.
You die...

.####..........#.............#
...............#.....###.....#
...............#..)..###.....####
...............#.................
...............#.................
.............................####
......########'#############.####
#######........§§§.........#.[...
#..........34.43@§.........#.....
#..........2...33§.........#.....
'..........2...............'.....
#...........2.......R......#.....
#######...4##...##.##.§..###.....
#....##...##.#######.......
#......))....#######......∩
#............#######...####
#..{.........#######...####


You could see 3 balrugs, 4 sun demons, an efreet and 3 red devils.

Vanquished Creatures
  the Royal Jelly (Slime:5)
  2 pandemonium lords (Pan)
  5 ancient liches
  5 orbs of fire
  4 juggernauts
  Sojobo (Depths:2)
  Margery (Vaults:4)
  2 curse toes
  Saint Roka (Crypt:1)
  Geryon (Hell)
  A caustic shrike (Depths:4)
  A Killer Klown (Zot:5)
  Nikola (Spider:2)
  The ghost of FallenXxXSky the Spry, a veteran HaHu of Okawaru (Depths:3)
  17 golden dragons
  7 bone dragons
  A profane servitor (Pan)
  Arachne (Spider:3)
  3 electric golems
  A Tzitzimitl (Pan)
  3 hellephants
  5 Brimstone Fiends
  Rupert (D:13)
  29 tentacled monstrosities
  22 Orb Guardians (Zot:5)
  6 Hell Sentinels
  Asterion (Spider:3)
  5 quicksilver dragons
  6 titans
  Murray (Hell)
  7 liches
  A quicksilver dragon (shapeshifter) (Vaults:5)
  3 deep elf master archers (Elf:3)
  3 deep elf blademasters (Elf:3)
  4 tentacled starspawn
  23 acid blobs
  17 death cobs
  8 Executioners
  7 ancient champions
  15 sphinxes
  The ghost of murkyfrogboy the Severer, an adept MiGl of Qazlal (Spider:1)
  11 tengu reavers
  Kirke (Swamp:2)
  Roxanne (Spider:3)
  19 shadow dragons
  15 frost giants
  15 storm dragons
  21 azure jellies
  3 revenants
  An azure jelly (shapeshifter) (Vaults:4)
  7 draconian knights
  A storm dragon (shapeshifter) (Abyss:3)
  2 blood saints (Pan)
  9 draconian monks
  9 fire giants
  8 ghost moths
  4 draconian shifters
  9 draconian scorchers
  An orc warlord (Vaults:5)
  2 iron dragons
  5 cacodemons
  9 vault wardens
  5 deep elf sorcerers
  3 warmongers (Pan)
  5 draconian stormcallers
  2 deep elf elementalists
  4 emperor scorpions
  21 balrugs
  2 curse skulls (Crypt:3)
  A caustic shrike zombie (Crypt:1)
  4 war gargoyles
  13 ghouls
  15 reapers
  8 ironheart preservers
  5 draconian annihilators
  24 stone giants
  5 spriggan defenders
  An ophan (Abyss:2)
  20 very ugly things
  6 vampire knights
  7 entropy weavers
  4 corrupters (Pan)
  3 deep elf demonologists
  11 green draconians
  Azrael (D:13)
  15 white draconians
  8 deep elf annihilators
  2 black suns (Pan)
  Nessos (D:14)
  14 yellow draconians
  A lorocyproca (Depths:4)
  13 purple draconians
  13 red draconians
  12 spark wasps
  13 black draconians
  The ghost of coolio the Protected, a journeyman DsFi of Makhleb (Lair:6)
  The ghost of Uwibibumo the Unseen, a journeyman OpFi of Wu Jian (Lair:3)
  4 eidola
  A merfolk javelineer (Depths:1)
  14 blizzard demons (Pan)
  Snorg (D:10)
  11 fire dragons
  10 deep elf death magi
  4 crystal guardians
  15 ettins
  2 mummy priests (Tomb:1)
  14 death oozes
  4 green deaths
  27 yaktaur captains
  16 great orbs of eyes
  A great orb of eyes (shapeshifter) (Abyss:3)
  5 deep elf high priests
  25 vault guards
  Fannar (D:11)
  2 quicksilver dragon zombies (Geh:1)
  10 jiangshi
  2 naga warriors
  Erolcha (D:10)
  8 rakshasas
  4 monstrous demonspawn (Pan)
  20 small abominations
  2 ghost crabs
  A catoblepas (D:15)
  2 juggernaut simulacra
  4 quicksilver dragon skeletons
  10 ice dragons
  7 spriggan air magi
  3 hell beasts
  A queen ant (shapeshifter) (Abyss:3)
  10 hydras
  14 centaur warriors
  2 death knights
  8 tengu warriors
  8 alligators
  41 two-headed ogres
  17 dancing weapons
  8 hell hogs
  13 ogre magi
  9 deep troll earth magi
  7 vampire magi
  11 deep troll shamans
  An orc high priest (Orc:2)
  Urug (D:11)
  16 death yaks
  An iron golem (Hell)
  12 thrashing horrors
  13 deep elf knights
  18 hell knights
  A storm dragon zombie (Zot:4)
  32 soul eaters
  3 spriggan berserkers
  45 sun demons
  5 wretched stars
  A titan skeleton (Crypt:3)
  8 iron trolls
  6 shadow wraiths
  A fire crab (shapeshifter) (Depths:1)
  A salamander mystic (Depths:3)
  9 sixfirhies
  A death drake (shapeshifter) (Depths:3)
  11 shadow demons
  A ghost moth zombie (Zot:4)
  An obsidian statue (Zot:4)
  9 starcursed masses (Abyss:2)
  2 torturous demonspawn (Pan)
  39 deep trolls
  A quicksilver dragon simulacrum (Depths:2)
  10 glowing orange brains
  17 deep elf archers
  2 infernal demonspawn
  49 skeletal warriors
  9 swamp dragons
  A spatial maelstrom (Abyss:3)
  5 spriggan druids
  8 flayed ghosts
  13 unseen horrors
  2 wizards
  A shambling mangrove (Swamp:2)
  A kraken simulacrum (Hell)
  A gelid demonspawn (Pan)
  Pikel (D:8)
  10 ironbrand convokers
  13 orc knights
  12 necromancers
  3 wolf spider zombies
  4 anaconda skeletons
  10 shining eyes
  7 phantasmal warriors
  29 wolf spiders
  2 mana vipers
  5 shadow dragon skeletons
  51 deep elf magi
  6 harpies
  A lindwurm (shapeshifter) (Vaults:5)
  An iron dragon zombie (Depths:2)
  2 oklob plants (Lair:6)
  8 orb spiders
  3 orc sorcerers
  A salamander (shapeshifter) (D:13)
  A shining eye (shapeshifter) (Depths:3)
  23 ugly things
  4 cyclopes
  4 elephants (Lair:5)
  A manticore (shapeshifter) (Vaults:2)
  2 manticores
  A fire giant zombie (Geh:1)
  2 frost giant zombies
  4 salamanders
  A stone giant skeleton (Crypt:3)
  2 moths of wrath (shapeshifter)
  A sphinx skeleton (Crypt:1)
  26 moths of wrath
  3 stone giant zombies
  A worldbinder (Abyss:1)
  2 spriggan zombies
  6 ice statues
  2 guardian serpents (shapeshifter)
  A dire elephant zombie (Abyss:3)
  3 iron dragon skeletons
  A black mamba (shapeshifter) (Vaults:4)
  2 frost giant skeletons
  6 vault sentinels
  A molten gargoyle (Hell)
  An apocalypse crab (Abyss:1)
  8 rust devils
  4 eyes of devastation
  A shock serpent zombie (Crypt:2)
  32 smoke demons
  2 spiny frogs (shapeshifter)
  A fire giant skeleton (Crypt:3)
  4 spiny frogs
  3 torpor snails
  3 black mambas
  2 guardian serpents
  17 orange demons
  A storm dragon simulacrum (Crypt:2)
  2 human zombies
  A white draconian zombie (Crypt:1)
  22 demonic crawlers
  A minotaur zombie (Crypt:3)
  2 kobold demonologists
  4 hellions
  12 ice devils
  8 komodo dragons
  5 rime drakes
  2 efreet (Pan)
  50 yaktaurs
  4 tormentors (Pan)
  9 tengu conjurers
  10 freezing wraiths
  6 hellwings (Pan)
  2 harpy zombies (Hell)
  5 guardian mummies
  A pale draconian skeleton (Crypt:2)
  5 hydra zombies
  15 trolls
  5 ancient zymes
  A human skeleton (Vaults:5)
  A merfolk (D:10)
  A shadow dragon simulacrum (Crypt:2)
  12 tyrant leeches
  A yaktaur skeleton (Vaults:5)
  32 red devils
  A jumping spider (shapeshifter) (Elf:1)
  A death drake zombie (Crypt:1)
  Prince Ribbit (Lair:3)
  3 meliai (D:15)
  A white draconian skeleton (Crypt:3)
  26 jumping spiders
  A sphinx simulacrum (Vaults:3)
  A hornet (shapeshifter) (Elf:2)
  25 hornets
  7 blink frogs
  10 dream sheep
  2 hydra skeletons
  7 bog bodies
  36 large abominations
  A dream sheep (shapeshifter) (Depths:1)
  2 ettin zombies
  8 raiju
  9 hippogriffs
  A frost giant simulacrum (Vaults:5)
  A human simulacrum (Vaults:2)
  139 slime creatures
  4 shadows
  50 redbacks
  3 air elementals
  16 flying skulls
  11 ynoxinuls
  29 tarantellas
  An alligator skeleton (Hell)
  2 ice dragon skeletons (Crypt:3)
  13 spriggans
  An ushabti (Tomb:1)
  15 water elementals
  2 wyverns
  4 fire bats (Abyss:1)
  8 basilisks
  A hog (shapeshifter) (Vaults:4)
  12 humans (D:13)
  49 yaks
  3 golden eyes (Slime:3)
  2 golden eyes (shapeshifter)
  6 wraiths
  6 fire elementals
  3 hogs (Swamp:2)
  A hungry ghost (D:14)
  A steam dragon (shapeshifter) (Vaults:4)
  12 vampire mosquitoes
  3 neqoxecs (Pan)
  7 wargs
  31 chaos spawn
  A warg (shapeshifter) (Depths:1)
  11 swamp worms
  An acid dragon (D:14)
  21 insubstantial wisps
  An acid dragon (shapeshifter) (Elf:3)
  4 nagas
  15 soldier ants
  13 hell hounds
  A hydra simulacrum (Lair:3)
  3 porcupines
  13 water moccasins
  3 floating eyes
  37 orc warriors
  A spiny frog zombie (Hell)
  A two-headed ogre skeleton (Crypt:2)
  5 swamp drakes
  A black bear (Lair:5)
  An ettin simulacrum (Vaults:3)
  10 eyes of draining
  3 sky beasts
  4 ice beasts
  A snapping turtle zombie (Hell)
  A phantom (D:9)
  A swamp dragon zombie (Hell)
  3 necrophages
  37 wolves
  A snapping turtle skeleton (Crypt:3)
  A swamp dragon skeleton (Crypt:3)
  31 ogres
  10 crocodiles
  28 centaurs
  A rime drake zombie (Crypt:2)
  A lindwurm skeleton (Crypt:2)
  Blork the orc (D:5)
  3 big kobolds (D:11)
  A salamander zombie (Crypt:3)
  16 bullfrogs
  A gnoll sergeant (D:9)
  3 wyvern zombies
  3 scorpions
  3 wyvern skeletons
  A queen bee zombie (Crypt:1)
  16 wights
  12 killer bees
  5 howler monkeys
  3 electric eels
  15 crimson imps
  6 bullfrog zombies
  3 centaur zombies
  A hippogriff simulacrum (Lair:3)
  2 quasits
  5 jellies
  Crazy Yiuf (D:7)
  A komodo dragon simulacrum (Lair:3)
  14 orc wizards
  5 bullfrog skeletons
  7 orc priests
  A basilisk skeleton (Crypt:3)
  6 hounds
  2 iron imps (Hell)
  5 iguanas
  9 centaur skeletons
  25 worker ants
  13 hell rats
  A killer bee zombie (Crypt:3)
  A polar bear simulacrum (Lair:3)
  A naga zombie (Crypt:3)
  A dwarf zombie (Crypt:3)
  2 hound zombies
  An ogre skeleton (Crypt:3)
  A hound skeleton (D:8)
  5 mummies (Tomb:1)
  A worker ant zombie (D:6)
  12 gnolls
  13 adders
  3 shadow imps
  A swamp drake skeleton (Crypt:1)
  2 white imps
  3 ufetubi
  2 oozes (D:4)
  2 adder skeletons
  An iguana skeleton (Crypt:3)
  3 worms
  2 dart slugs
  3 leopard geckos
  77 orcs
  A ball python (D:1)
  6 bats
  6 giant cockroaches
  9 goblins
  10 hobgoblins
  13 jackals
  28 kobolds
  5 quokkas
  2 frilled lizards
  A gnoll skeleton (Crypt:1)
  A leopard gecko skeleton (D:4)
  A leopard gecko zombie (D:5)
  A quokka skeleton (D:4)
  A rat (shapeshifter) (Vaults:5)
  12 rats
  3 crawling corpses (Elf:3)
  A fulminant prism (Swamp:1)
  2 lurking horrors (Abyss:3)
  7 plants
  8 starspawn tentacles
  A tentacle (Hell)
  5 withered plants (Crypt:3)
3243 creatures vanquished.

Vanquished Creatures (collateral kills)
  2 pandemonium lords (Pan)
  2 orbs of fire (Zot:5)
  2 ancient liches (Zot:5)
  Boris (Depths:2)
  3 golden dragons
  A Brimstone Fiend (Pan)
  2 tentacled monstrosities
  2 liches
  3 Hell Sentinels (Pan)
  A deep elf blademaster (Elf:3)
  A deep elf master archer (Elf:3)
  A titan (Vaults:5)
  A quicksilver dragon (Vaults:5)
  An ancient champion (Crypt:3)
  3 death cobs
  Frances (Swamp:1)
  3 tengu reavers
  The ghost of antares the Eclecticist, an adept DEFE of Elyvilon (Spider:1)
  3 storm dragons
  A draconian monk (Zot:4)
  A frost giant (Depths:1)
  3 vault wardens
  A deep elf sorcerer (Elf:3)
  4 fire giants
  A balrug (Pan)
  2 cacodemons (Pan)
  An emperor scorpion (Spider:2)
  2 draconian annihilators (Zot:2)
  5 ironheart preservers
  4 stone giants
  2 deep elf demonologists
  2 black draconians
  2 white draconians
  A yellow draconian (Zot:2)
  A corrupter (Pan)
  A spark wasp (Spider:4)
  3 red draconians
  A merfolk javelineer (Depths:1)
  3 blizzard demons (Pan)
  A green death (Pan)
  A jiangshi (Crypt:3)
  3 ettins
  A deep elf high priest (Elf:3)
  A yaktaur captain (Vaults:5)
  2 fire dragons
  A great orb of eyes (Vaults:3)
  A juggernaut simulacrum (Pan)
  8 hydras
  2 ice dragons
  3 catoblepae (Lair:6)
  9 vault guards
  A centaur warrior (D:15)
  10 two-headed ogres
  3 alligators (Swamp:3)
  3 death knights
  8 death yaks
  A queen ant (Lair:5)
  3 ogre magi
  A deep troll shaman (Vaults:5)
  2 tengu warriors
  A thrashing horror (Abyss:3)
  A large abomination (Pan)
  2 hell knights (Vaults:4)
  2 soul eaters (Pan)
  3 sun demons (Pan)
  A deep elf knight (Vaults:4)
  A sixfirhy (Pan)
  8 skeletal warriors
  A glowing orange brain (Vaults:3)
  A gelid demonspawn (Pan)
  12 deep trolls
  A spriggan druid (Swamp:4)
  An infernal demonspawn (Pan)
  A phantasmal warrior (Vaults:5)
  4 deep elf archers
  A shadow demon (Pan)
  2 swamp dragons (Swamp:4)
  An anaconda skeleton (Crypt:3)
  An orc knight (Vaults:4)
  2 ironbrand convokers
  A shambling mangrove (Swamp:4)
  An orb spider (Spider:2)
  3 ugly things
  A wolf spider (Spider:4)
  3 harpies (Vaults:4)
  2 black mambas (Lair:6)
  A moth of wrath (Zot:2)
  A manticore (Lair:6)
  5 vault sentinels
  3 spiny frogs
  A rime drake (Swamp:4)
  An orange demon (Pan)
  2 demonic crawlers
  3 freezing wraiths
  14 yaktaurs
  A red devil (Pan)
  3 trolls
  7 jumping spiders
  9 hornets
  4 tyrant leeches
  2 bog bodies
  3 dream sheep
  A hippogriff (Lair:6)
  8 slime creatures
  2 flying skulls (Crypt:3)
  2 wraiths (D:13)
  3 tarantellas
  18 redbacks
  3 spriggans
  8 yaks
  A water elemental (Depths:1)
  7 humans (D:13)
  5 vampire mosquitoes
  A warg (Orc:2)
  5 swamp worms
  6 soldier ants (Lair:5)
  2 hell hounds
  An acid dragon (D:13)
  A water moccasin (Lair:6)
  6 swamp drakes
  9 orc warriors
  A sky beast (D:9)
  14 ogres
  A wolf (Lair:3)
  4 centaurs
  3 big kobolds (D:9)
  A gnoll sergeant (D:9)
  A spiny frog simulacrum (Lair:3)
  A dream sheep simulacrum (Lair:3)
  A killer bee (D:13)
  A bullfrog skeleton (D:9)
  A quasit (Abyss:3)
  An orc priest (Vaults:1)
  5 orc wizards
  A worker ant (Lair:5)
  A gnoll (D:9)
  13 orcs
397 creatures vanquished.

Vanquished Creatures (others)
  2 golden dragons
  A fire giant (Vaults:4)
  A draconian knight (Depths:5)
  A draconian stormcaller (Zot:1)
  An entropy weaver (Spider:2)
  A merfolk javelineer (Depths:1)
  A jiangshi (Depths:5)
  A great orb of eyes (Slime:1)
  An alligator (Swamp:4)
  A vampire mage (Depths:5)
  A soul eater (Pan)
  2 shadow demons (Pan)
  3 deep elf magi
  An orange demon (Pan)
  2 hornets (Depths:5)
  A redback (Spider:2)
  A water elemental (Hell)
  2 spriggans (Depths:5)
  A vampire mosquito (Swamp:1)
  A swamp worm (Lair:3)
  An orc warrior (Vaults:1)
  3 slaves (D:8)
  2 hell rats
  A howler monkey zombie (D:10)
  A white imp (Depths:1)
  An orc (D:8)
  A giant cockroach (Vaults:5)
  A rat (D:2)
  11 blocks of ice
  9 fire vortices (Hell)
  14 fulminant prisms
  11 fungi
  13 plants
  7 starspawn tentacles
  5 tentacles (Hell)
  5 withered plants (Spider:1)
112 creatures vanquished.

Grand Total: 3752 creatures vanquished

Notes
Turn   | Place    | Note
-------+----------+-------------------------------------------
     0 | D:1      | pomescollege the Gnoll Hunter began the quest for the Orb.
     0 | D:1      | Reached XP level 1. HP: 20/20 MP: 1/1
    31 | D:1      | Reached XP level 2. HP: 24/26 MP: 2/2
   930 | D:2      | Found a white marble altar of Elyvilon.
   933 | D:2      | Reached XP level 3. HP: 31/31 MP: 3/3
  1371 | D:2      | Reached skill level 1 in Invocations
  1428 | D:2      | Reached skill level 1 in Short Blades
  1428 | D:2      | Reached skill level 1 in Long Blades
  1428 | D:2      | Reached skill level 1 in Axes
  1428 | D:2      | Reached skill level 1 in Maces & Flails
  1428 | D:2      | Reached skill level 1 in Polearms
  1428 | D:2      | Reached skill level 1 in Staves
  1428 | D:2      | Reached skill level 1 in Bows
  1428 | D:2      | Reached skill level 1 in Crossbows
  1428 | D:2      | Reached skill level 1 in Throwing
  1428 | D:2      | Reached skill level 1 in Armour
  1428 | D:2      | Reached skill level 1 in Shields
  1428 | D:2      | Reached skill level 1 in Unarmed Combat
  1428 | D:2      | Reached skill level 1 in Spellcasting
  1428 | D:2      | Reached skill level 1 in Evocations
  1500 | D:3      | Noticed an ogre
  1511 | D:3      | Killed an ogre
  1511 | D:3      | Reached skill level 1 in Conjurations
  1511 | D:3      | Reached skill level 1 in Hexes
  1511 | D:3      | Reached skill level 1 in Charms
  1511 | D:3      | Reached skill level 1 in Summonings
  1511 | D:3      | Reached skill level 1 in Necromancy
  1511 | D:3      | Reached skill level 1 in Translocations
  1511 | D:3      | Reached skill level 1 in Transmutations
  1511 | D:3      | Reached skill level 1 in Fire Magic
  1511 | D:3      | Reached skill level 1 in Ice Magic
  1511 | D:3      | Reached skill level 1 in Air Magic
  1511 | D:3      | Reached skill level 1 in Earth Magic
  1511 | D:3      | Reached skill level 1 in Poison Magic
  1511 | D:3      | Reached XP level 4. HP: 38/38 MP: 4/6
  1511 | D:3      | Reached XP level 5. HP: 43/43 MP: 4/7
  1607 | D:3      | Noticed an ice beast
  1618 | D:3      | Killed an ice beast
  1618 | D:3      | Reached XP level 6. HP: 50/50 MP: 8/8
  1699 | D:3      | Found a glowing golden altar of the Shining One.
  2008 | D:3      | Noticed a moth of wrath
  2011 | D:3      | Found a bloodstained altar of Trog.
  2148 | D:3      | Reached skill level 5 in Fighting
  2148 | D:3      | Reached skill level 5 in Dodging
  2375 | D:3      | Found a basalt altar of Yredelemnul.
  2473 | D:3      | Noticed an angel
  2481 | D:3      | Noticed a profane servitor
  2818 | D:4      | Reached XP level 7. HP: 39/56 MP: 10/10
  2890 | D:4      | Found a hazy altar of Hepliaklqana.
  2891 | D:4      | Found a shimmering altar of Xom.
  2892 | D:4      | Noticed a spectral ugly thing
  3086 | D:4      | Found a hazy altar of Hepliaklqana.
  3087 | D:4      | Found a shimmering altar of Xom.
  3470 | D:5      | Entered Level 5 of the Dungeon
  3541 | D:5      | Noticed Blork the orc
  3579 | D:5      | Killed Blork the orc
  3761 | D:5      | Noticed a hippogriff
  3789 | D:5      | Found a staircase to the Ecumenical Temple.
  3816 | Temple   | Entered the Ecumenical Temple
  3882 | Temple   | Became a worshipper of Ashenzari the Shackled
  4042 | D:5      | Found a shadowy altar of Dithmenos.
  4650 | D:6      | Reached XP level 8. HP: 63/63 MP: 12/12
  5049 | D:6      | Found an ornate altar of the Wu Jian Council.
  5055 | D:6      | Learned a level 1 spell: Confusing Touch
  5057 | D:6      | Learned a level 1 spell: Apportation
  5145 | D:6      | Reached * piety under Ashenzari
  5902 | D:7      | Reached skill level 6 in Fighting
  5902 | D:7      | Reached XP level 9. HP: 62/69 MP: 14/14
  6051 | D:7      | Found a bloodstained altar of Trog.
  6226 | D:7      | Found a runed door.
  6374 | D:7      | Noticed Crazy Yiuf
  6378 | D:7      | Killed Crazy Yiuf
  6424 | D:8      | Found the +5 robe of Night {Dark MR+ SInv}
  6501 | D:8      | Noticed a two-headed ogre
  6507 | D:8      | Found Kecoe's Armour Shoppe.
  6508 | D:8      | Noticed Pikel
  6537 | D:8      | Noticed a troll
  6841 | D:7      | HP: 3/69 [troll (4)]
  6842 | D:7      | Killed a troll
  7191 | D:7      | Found a bloodstained altar of Trog.
  7388 | D:8      | Killed a two-headed ogre
  7388 | D:8      | Reached skill level 5 in Stealth
  7388 | D:8      | Reached skill level 5 in Invocations
  7494 | D:8      | Killed Pikel
  7494 | D:8      | Reached XP level 10. HP: 39/77 MP: 15/17
  7802 | D:8      | Reached ** piety under Ashenzari
  8661 | D:8      | Found a radiant altar of Vehumet.
  8661 | D:8      | Found a glowing silver altar of Zin.
  8662 | D:8      | Found a hide-covered altar of Uskayaw.
  8664 | D:8      | Found a sparkling altar of Nemelex Xobeh.
  8710 | D:8      | Learned a level 3 spell: Confuse
  8715 | D:8      | Learned a level 4 spell: Fulminant Prism
  8906 | D:9      | Identified a scroll of acquirement
  8970 | D:9      | Reached skill level 5 in Short Blades
  8970 | D:9      | Reached skill level 5 in Long Blades
  8970 | D:9      | Reached skill level 5 in Axes
  8970 | D:9      | Reached skill level 5 in Maces & Flails
  8970 | D:9      | Reached skill level 5 in Polearms
  8970 | D:9      | Reached skill level 5 in Staves
  8970 | D:9      | Reached skill level 5 in Bows
  8970 | D:9      | Reached skill level 5 in Crossbows
  8970 | D:9      | Reached skill level 5 in Throwing
  8970 | D:9      | Reached skill level 5 in Armour
  8970 | D:9      | Reached skill level 5 in Shields
  8970 | D:9      | Reached skill level 5 in Unarmed Combat
  8970 | D:9      | Reached skill level 5 in Spellcasting
  8970 | D:9      | Reached skill level 5 in Evocations
  9094 | D:9      | Noticed a white ugly thing
  9109 | D:9      | Found a glowing golden altar of the Shining One.
  9313 | D:9      | Learned a level 4 spell: Summon Lightning Spire
  9318 | D:9      | Learned a level 4 spell: Summon Ice Beast
  9380 | D:9      | Found a staircase to the Orcish Mines.
  9395 | D:9      | Reached skill level 7 in Fighting
  9395 | D:9      | Reached skill level 10 in Slings
  9777 | D:9      | Noticed a two-headed ogre
 10066 | D:9      | Got the hunting sling of Darroash {freeze, rC+ Dex+2}
 10105 | D:10     | Entered Level 10 of the Dungeon
 10105 | D:10     | Noticed Snorg
 10250 | D:9      | Killed a two-headed ogre
 10484 | D:9      | Found a glowing golden altar of the Shining One.
 10500 | D:9      | Found a staircase to the Orcish Mines.
 11014 | D:10     | Noticed Erolcha
 11360 | D:11     | Noticed a two-headed ogre
 11376 | D:11     | Killed a two-headed ogre
 11376 | D:11     | Reached XP level 11. HP: 8/84 MP: 11/19
 11866 | D:11     | Noticed an unseen horror
 11927 | D:11     | Killed an unseen horror
 12054 | D:11     | Found a flagged portal.
 12064 | Bailey   | Entered a bailey
 12083 | Bailey   | Identified the +11 hunting sling of Darroash {freeze, rC+
                  | Dex+2} (You found it on level 9 of the Dungeon)
 12163 | Bailey   | Noticed an orc knight
 12184 | Bailey   | Killed an orc knight
 12184 | Bailey   | Reached skill level 5 in Conjurations
 12184 | Bailey   | Reached skill level 5 in Hexes
 12184 | Bailey   | Reached skill level 5 in Charms
 12184 | Bailey   | Reached skill level 5 in Summonings
 12184 | Bailey   | Reached skill level 5 in Necromancy
 12184 | Bailey   | Reached skill level 5 in Translocations
 12184 | Bailey   | Reached skill level 5 in Transmutations
 12184 | Bailey   | Reached skill level 5 in Fire Magic
 12184 | Bailey   | Reached skill level 5 in Ice Magic
 12184 | Bailey   | Reached skill level 5 in Air Magic
 12184 | Bailey   | Reached skill level 5 in Earth Magic
 12184 | Bailey   | Reached skill level 5 in Poison Magic
 12374 | Bailey   | Got the long sword of Gloom {slice, rElec rF- rN+ Str+4}
 12656 | D:11     | Noticed Urug
 12680 | D:12     | Found Kesk's Jewellery Shoppe.
 12686 | D:12     | Bought a cursed ring of teleportation for 54 gold pieces
 12902 | D:12     | Found Vaetzim's Assorted Antiques.
 12936 | D:12     | Bought a glowing lead wand for 132 gold pieces
 12936 | D:12     | Bought a twisted brass wand for 132 gold pieces
 12936 | D:12     | Bought a scroll labeled ZOMYCI USIO for 33 gold pieces
 12936 | D:12     | Bought a fizzy red potion for 29 gold pieces
 12936 | D:12     | Bought a scroll of identify for 66 gold pieces
 12936 | D:12     | Bought a potion of agility for 132 gold pieces
 12958 | D:12     | Found Wotzuemu's Jewellery Shoppe.
 13049 | D:12     | Noticed an unseen horror
 13051 | D:12     | Killed an unseen horror
 13116 | D:12     | Reached skill level 8 in Fighting
 13147 | D:12     | Noticed an unseen horror
 13147 | D:12     | Noticed a two-headed ogre
 13153 | D:12     | Killed an unseen horror
 13158 | D:12     | Killed a two-headed ogre
 13205 | D:12     | Noticed an unseen horror
 13209 | D:12     | Killed an unseen horror
 13239 | D:12     | Bought a cursed ring of poison resistance for 272 gold
                  | pieces
 13354 | D:12     | Reached *** piety under Ashenzari
 13526 | D:12     | Reached XP level 12. HP: 93/93 MP: 22/22
 13563 | D:12     | Noticed a two-headed ogre
 13570 | D:12     | Killed a two-headed ogre
 13580 | D:12     | Found Erahis's Book Shoppe.
 13580 | D:12     | Noticed a rakshasa
 13609 | D:12     | Killed a rakshasa
 13681 | D:12     | Found Siamiyd's Antique Weapon Emporium.
 13973 | D:11     | Killed Urug
 14003 | D:11     | Found a staircase to the Lair.
 14113 | D:11     | Identified the +2 robe of the Blind Marksman {rPois rN+
                  | Str+2 Slay+3}
 14122 | D:11     | Noticed Fannar
 14148 | D:11     | Killed Fannar
 14426 | D:11     | Reached skill level 9 in Fighting
 14426 | D:11     | Reached XP level 13. HP: 101/101 MP: 22/24
 14729 | D:10     | Killed Snorg
 15085 | D:10     | Killed Erolcha
 15676 | Lair:1   | Entered Level 1 of the Lair of Beasts
 15718 | Lair:1   | Got the great sword of the Endless Expanse {slice, Fragile
                  | rN+ Stlth+}
 15719 | Lair:1   | Identified the +5 great sword of the Endless Expanse
                  | {slice, Fragile rN+ Stlth+} (You found it on level 1 of the
                  | Lair of Beasts)
 16999 | Lair:2   | Reached **** piety under Ashenzari
 17043 | Lair:2   | Reached XP level 14. HP: 108/108 MP: 26/26
 17522 | Lair:2   | Learned a level 2 spell: Sublimation of Blood
 17528 | Lair:2   | Learned a level 5 spell: Metabolic Englaciation
 17814 | Lair:3   | Noticed Prince Ribbit
 17822 | Lair:3   | Killed Prince Ribbit
 18178 | Lair:3   | Noticed Uwibibumo's ghost (journeyman OpFi)
 18372 | Lair:3   | Found a staircase to the Swamp.
 18444 | Lair:3   | Identified the ring of Ruuru {Fire MR+}
 18592 | Lair:3   | Found a runed gate.
 18592 | Lair:3   | Found a runed gate.
 18592 | Lair:3   | Found a runed gate.
 18601 | Lair:3   | Got the cursed trident "Kybo" {vamp, rF+ rC- Dex+2}
 18602 | Lair:3   | Identified the cursed +3 trident "Kybo" {vamp, rF+ rC-
                  | Dex+2} (You found it on level 3 of the Lair of Beasts)
 19052 | Lair:4   | Found a hole to the Spider Nest.
 19206 | Lair:4   | Reached ***** piety under Ashenzari
 19960 | D:8      | Bought a +0 pair of boots for 63 gold pieces
 20034 | D:11     | Reached skill level 10 in Fighting
 20034 | D:11     | Reached skill level 10 in Dodging
 20215 | Lair:3   | Killed Uwibibumo's ghost
 21085 | Lair:5   | Reached skill level 10 in Invocations
 21592 | Lair:5   | Reached XP level 15. HP: 111/116 MP: 28/28
 22246 | Lair:6   | Entered Level 6 of the Lair of Beasts
 22444 | Lair:6   | Found a staircase to the Slime Pits.
 22612 | Lair:6   | Reached skill level 10 in Stealth
 22775 | Lair:6   | Found a runed door.
 23568 | Lair:6   | Identified the cursed ring "Tifanax" {rN+ Str+6 Dex+6}
 23794 | Lair:6   | Noticed coolio's ghost (journeyman DsFi)
 24225 | D:13     | Reached skill level 10 in Short Blades
 24225 | D:13     | Reached skill level 10 in Long Blades
 24225 | D:13     | Reached skill level 10 in Axes
 24225 | D:13     | Reached skill level 10 in Maces & Flails
 24225 | D:13     | Reached skill level 10 in Polearms
 24225 | D:13     | Reached skill level 10 in Staves
 24225 | D:13     | Reached skill level 10 in Bows
 24225 | D:13     | Reached skill level 10 in Crossbows
 24225 | D:13     | Reached skill level 10 in Throwing
 24225 | D:13     | Reached skill level 10 in Armour
 24225 | D:13     | Reached skill level 10 in Shields
 24225 | D:13     | Reached skill level 10 in Unarmed Combat
 24225 | D:13     | Reached skill level 10 in Spellcasting
 24225 | D:13     | Reached skill level 10 in Evocations
 24462 | D:13     | Found a gate to the Vaults.
 24470 | D:13     | Reached skill level 11 in Fighting
 24707 | D:13     | Noticed Rupert
 24715 | D:13     | Killed Rupert
 24715 | D:13     | Reached XP level 16. HP: 58/125 MP: 17/30
 24746 | D:13     | Noticed Azrael
 24765 | D:13     | Killed Azrael
 25538 | Orc:1    | Entered Level 1 of the Orcish Mines
 25727 | Orc:1    | Found Kixulas's Weapon Boutique.
 26019 | Orc:2    | Entered Level 2 of the Orcish Mines
 26459 | Orc:2    | Found Aleunaj's Assorted Antiques.
 26460 | Orc:2    | Found Kuiwuh's Gadget Boutique.
 26559 | Orc:2    | Found Anluohen's General Store.
 26563 | Orc:2    | Bought a potion of curing for 87 gold pieces
 26563 | Orc:2    | Bought a scroll of teleportation for 87 gold pieces
 26563 | Orc:2    | Bought a scroll of fog for 58 gold pieces
 26563 | Orc:2    | Bought a potion of might for 116 gold pieces
 26573 | Orc:2    | Found Kuli's Book Shop.
 26824 | Orc:2    | Bought a scroll of vulnerability for 105 gold pieces
 26824 | Orc:2    | Bought a scroll of magic mapping for 49 gold pieces
 26960 | Orc:2    | Found a staircase to the Elven Halls.
 26977 | Orc:2    | Found a roughly hewn altar of Beogh.
 27354 | D:12     | Bought a book of the Warp for 990 gold pieces
 27358 | D:12     | Learned a level 3 spell: Portal Projectile
 27365 | D:12     | Learned a level 6 spell: Dispersal
 27481 | Swamp:1  | Entered Level 1 of the Swamp
 28641 | Swamp:1  | Noticed Frances
 28655 | Swamp:1  | Killed Frances
 28857 | Swamp:2  | Reached ****** piety under Ashenzari
 29038 | Swamp:2  | Noticed Kirke
 29052 | Swamp:2  | Killed Kirke
 29074 | Swamp:2  | Reached XP level 17. HP: 107/133 MP: 31/31
 29618 | Swamp:2  | Paralysed by a hornet for 2 turns
 30330 | Swamp:3  | Reached XP level 18. HP: 122/140 MP: 25/33
 30764 | Swamp:3  | Reached skill level 12 in Fighting
 31461 | Swamp:4  | Entered Level 4 of the Swamp
 33341 | Swamp:4  | Paralysed by a hornet for 1 turns
 33653 | Swamp:4  | Got a decaying rune of Zot
 34361 | Spider:1 | Entered Level 1 of the Spider Nest
 34867 | Spider:1 | Found a runed gate.
 34868 | Spider:1 | Found a runed gate.
 34869 | Spider:1 | Found a runed gate.
 34869 | Spider:1 | Noticed murkyfrogboy's ghost (adept MiGl)
 34873 | Spider:1 | Noticed antares's ghost (adept DEFE)
 34911 | Spider:1 | Learned a level 6 spell: Iron Shot
 34929 | Spider:1 | Killed antares's ghost
 34979 | Spider:1 | Killed murkyfrogboy's ghost
 35966 | Spider:1 | Reached skill level 10 in Hexes
 36585 | Spider:2 | Reached skill level 10 in Conjurations
 36585 | Spider:2 | Reached skill level 10 in Charms
 36585 | Spider:2 | Reached skill level 10 in Summonings
 36585 | Spider:2 | Reached skill level 10 in Necromancy
 36585 | Spider:2 | Reached skill level 10 in Translocations
 36585 | Spider:2 | Reached skill level 10 in Transmutations
 36585 | Spider:2 | Reached skill level 10 in Fire Magic
 36585 | Spider:2 | Reached skill level 10 in Ice Magic
 36585 | Spider:2 | Reached skill level 10 in Air Magic
 36585 | Spider:2 | Reached skill level 10 in Earth Magic
 36585 | Spider:2 | Reached skill level 10 in Poison Magic
 36633 | Spider:2 | Noticed Nikola
 36651 | Spider:2 | Killed Nikola
 37504 | Spider:3 | Noticed Roxanne
 37541 | Spider:3 | Killed Roxanne
 37600 | Spider:3 | Identified Roxanne's Compendium of Transformation (You took
                  | it off Roxanne on level 3 of the Spider Nest)
 37911 | Spider:3 | Reached XP level 19. HP: 141/147 MP: 5/34
 38168 | Spider:3 | Noticed Asterion
 38187 | Spider:3 | Killed Asterion
 38540 | Spider:3 | Noticed Arachne
 38568 | Spider:3 | Killed Arachne
 38897 | Spider:4 | Entered Level 4 of the Spider Nest
 40736 | Spider:4 | Got a gossamer rune of Zot
 41445 | D:14     | Noticed Nessos
 41448 | D:14     | Reached skill level 13 in Fighting
 41678 | D:14     | Killed Nessos
 41803 | D:15     | Entered Level 15 of the Dungeon
 42408 | D:15     | Found a staircase to the Depths.
 42809 | Vaults:1 | Entered Level 1 of the Vaults
 42881 | Vaults:1 | Reached XP level 20. HP: 119/156 MP: 8/36
 45629 | Vaults:2 | Found Zuullut's Weapon Boutique.
 45685 | Vaults:2 | Identified the +2 whip "Pibivix" {slash, Int+3 Dex+5} (You
                  | found it on level 2 of the Vaults)
 45817 | Vaults:2 | Found a staircase to the Crypt.
 45817 | Vaults:2 | Found an ancient bone altar of Kikubaaqudgha.
 45818 | Vaults:2 | Found a basalt altar of Yredelemnul.
 46580 | Vaults:3 | Reached skill level 15 in Slings
 47564 | Vaults:3 | Reached XP level 21. HP: 151/164 MP: 38/38
 48712 | Vaults:4 | Reached skill level 14 in Fighting
 49495 | Vaults:4 | Noticed Margery
 49518 | Vaults:4 | Killed Margery
 51572 | Vaults:4 | Learned a level 1 spell: Summon Butterflies
 51579 | Vaults:4 | Learned a level 6 spell: Invisibility
 51587 | Vaults:4 | Learned a level 7 spell: Spellforged Servitor
 51637 | Vaults:5 | Entered Level 5 of the Vaults
 51655 | Vaults:5 | Noticed a golden dragon
 51686 | Vaults:5 | Killed a golden dragon
 51697 | Vaults:5 | Identified the ring "Qaorig" {Ice Int+4 Dex+6}
 51745 | Vaults:5 | Noticed a golden dragon
 51748 | Vaults:5 | Killed a golden dragon
 51748 | Vaults:5 | Reached XP level 22. HP: 121/173 MP: 39/39
 51803 | Vaults:5 | Gained mutation: You tend to lose your temper in combat.
                  | [mutagenic glow]
 51843 | Vaults:5 | Noticed an ancient lich
 51851 | Vaults:5 | Killed an ancient lich
 51851 | Vaults:5 | Reached skill level 15 in Invocations
 52455 | Vaults:5 | Noticed a golden dragon
 52473 | Vaults:5 | Killed a golden dragon
 52608 | Vaults:5 | Identified the amulet of Xom's Amusement {Spirit rPois
                  | Str+2 Int-4} (You took it off an orc warrior on level 5 of
                  | the Vaults)
 52608 | Vaults:5 | Reached skill level 15 in Fighting
 52712 | Vaults:5 | Noticed a golden dragon
 52721 | Vaults:5 | Killed a golden dragon
 53991 | Vaults:5 | Reached XP level 23. HP: 140/182 MP: 35/41
 54006 | Vaults:5 | Reached skill level 15 in Dodging
 54024 | Vaults:5 | Noticed a golden dragon
 54033 | Vaults:5 | Killed a golden dragon
 54035 | Vaults:5 | Got a silver rune of Zot
 54168 | Vaults:5 | Noticed a golden dragon
 54171 | Vaults:5 | Killed a golden dragon
 54594 | Vaults:5 | Noticed a golden dragon
 54603 | Vaults:5 | Killed a golden dragon
 54919 | Vaults:5 | Identified the +2 leather armour of the Untouchables {rC++
                  | Int+2 Slay+2 Stlth-}
 54919 | Vaults:5 | Found Jiluq's Food Shop.
 55044 | Vaults:5 | Noticed an ancient lich
 55060 | Vaults:5 | Killed an ancient lich
 55066 | Vaults:5 | Identified the ring "Vuylinit" {MR+ AC+2 Dex+3 Stlth+} (You
                  | took it off a vault guard on level 5 of the Vaults)
 55196 | Vaults:5 | Reached skill level 16 in Fighting
 55748 | Vaults:5 | Lost mutation: You tend to lose your temper in combat.
                  | [potion of mutation]
 55748 | Vaults:5 | Gained mutation: You are frail. (-10% HP) [potion of
                  | mutation]
 55748 | Vaults:5 | Gained mutation: You have large cloven feet. [potion of
                  | mutation]
 55748 | Vaults:5 | Gained mutation: You have supernaturally acute eyesight.
                  | (SInv) [potion of mutation]
 55749 | Vaults:5 | Lost mutation: You have supernaturally acute eyesight.
                  | (SInv) [potion of mutation]
 55749 | Vaults:5 | Lost mutation: You have large cloven feet. [potion of
                  | mutation]
 55749 | Vaults:5 | Gained mutation: You are dopey. (Int -2) [potion of
                  | mutation]
 55749 | Vaults:5 | Gained mutation: You tend to lose your temper in combat.
                  | [potion of mutation]
 55749 | Vaults:5 | Gained mutation: You have large cloven feet. [potion of
                  | mutation]
 55749 | Vaults:5 | Gained mutation: You have hoof-like feet. [potion of
                  | mutation]
 55923 | D:12     | Bought a wand of acid (7) for 264 gold pieces
 55923 | D:12     | Bought a potion of mutation for 264 gold pieces
 55923 | D:12     | Lost mutation: You tend to lose your temper in combat.
                  | [potion of mutation]
 55923 | D:12     | Lost mutation: You are dopey. (Int -2) [potion of mutation]
 55923 | D:12     | Gained mutation: You passively map a small area around you.
                  | [potion of mutation]
 55923 | D:12     | Gained mutation: Your mind is acute. (Int +2) [potion of
                  | mutation]
 55923 | D:12     | Gained mutation: Your mind is very acute. (Int +4) [potion
                  | of mutation]
 56627 | Elf:1    | Entered Level 1 of the Elven Halls
 56862 | Elf:1    | Found Biomu's One-of-a-Kind Books.
 57356 | Elf:1    | Identified the ring of Luonk {rElec rC+}
 57620 | Elf:2    | Found a runed gate.
 57620 | Elf:2    | Found a runed gate.
 57620 | Elf:2    | Found a runed gate.
 57724 | Elf:2    | Reached skill level 15 in Stealth
 57912 | Elf:2    | Reached skill level 15 in Hexes
 58024 | Elf:3    | Entered Level 3 of the Elven Halls
 58513 | Elf:3    | Reached skill level 15 in Short Blades
 58513 | Elf:3    | Reached skill level 15 in Long Blades
 58513 | Elf:3    | Reached skill level 15 in Axes
 58513 | Elf:3    | Reached skill level 15 in Maces & Flails
 58513 | Elf:3    | Reached skill level 15 in Polearms
 58513 | Elf:3    | Reached skill level 15 in Staves
 58513 | Elf:3    | Reached skill level 15 in Bows
 58513 | Elf:3    | Reached skill level 15 in Crossbows
 58513 | Elf:3    | Reached skill level 15 in Throwing
 58513 | Elf:3    | Reached skill level 15 in Armour
 58513 | Elf:3    | Reached skill level 15 in Shields
 58513 | Elf:3    | Reached skill level 15 in Unarmed Combat
 58513 | Elf:3    | Reached skill level 15 in Spellcasting
 58513 | Elf:3    | Reached skill level 15 in Evocations
 58545 | Elf:3    | Identified the +7 scale mail of Wimimm {Dex+8} (You took it
                  | off a deep elf blademaster on level 3 of the Elven Halls)
 58545 | Elf:3    | Reached XP level 24. HP: 173/173 MP: 31/42
 58927 | Elf:3    | Identified the amulet "Voodgha" {Harm *Drain rC+ Dex+3
                  | SInv} (You took it off a deep elf blademaster on level 3 of
                  | the Elven Halls)
 59834 | Elf:3    | Found the +3 Elemental Staff {rElec rF++ rC++ MR++ AC+5}
 59973 | Elf:3    | Identified the amulet of the Everdark {+Fly Regen+ Int-2
                  | Slay+4 Stlth-}
 60377 | Depths:1 | Entered Level 1 of the Depths
 60529 | Depths:1 | Found Qoeb's Jewellery Shoppe.
 60598 | Depths:1 | Found a one-way gate leading to the halls of Pandemonium.
 60604 | Depths:1 | Identified the ring of the Moon {rElec Str-4 Int+8 Dex-5
                  | Stlth-}
 60616 | Depths:1 | Found a gateway to Hell.
 60737 | Depths:1 | Reached skill level 17 in Fighting
 61107 | Depths:1 | Identified the ring of Ziwe {rCorr rC+ rN+ Dex-4 Slay+3}
                  | (You took it off a tengu reaver on level 1 of the Depths)
 61548 | Depths:1 | Identified the +6 great sword "Acarinebane" {elec, rElec
                  | rC- rN+} (You took it off a yaktaur captain on level 1 of
                  | the Depths)
 61572 | Depths:1 | Cast into level 3 of the Abyss (a deep elf demonologist)
 61945 | Depths:1 | Escaped the Abyss
 62284 | Depths:1 | Reached XP level 25. HP: 170/181 MP: 42/42
 62539 | Depths:1 | Found the amulet of the Air {Inacc +Fly rElec EV+5 RMsl}
 62547 | Depths:1 | Identified the Catalogue of Warped Ice
 63092 | Depths:1 | Found a runed door.
 63547 | Depths:2 | Reached skill level 18 in Fighting
 64237 | Depths:2 | Identified the amulet "Booci" {+Blink rElec Regen+ Str-4}
 64315 | Depths:3 | Noticed Boris
 64372 | Depths:2 | Killed Boris
 64957 | Depths:3 | Noticed a juggernaut
 65185 | Depths:3 | Noticed Sojobo
 65243 | Depths:2 | Killed Sojobo
 65511 | Depths:3 | Noticed a juggernaut
 65640 | Depths:2 | Killed a juggernaut
 65984 | Depths:2 | Killed a juggernaut
 65984 | Depths:2 | Reached XP level 26. HP: 37/191 MP: 43/43
 67280 | Depths:3 | Identified the cursed +3 hunting sling of Compassion
                  | {speed, rC+ rN+ Int+4} (You found it on level 3 of the
                  | Depths)
 67325 | Depths:3 | Found a runed gate.
 67327 | Depths:3 | Found a runed gate.
 67327 | Depths:3 | Found a runed gate.
 67330 | Depths:3 | Noticed FallenXxXSky's ghost (veteran HaHu)
 67332 | Depths:3 | Identified the ring "Akumatow" {rCorr rPois MR+ Dex+4
                  | Slay+3}
 67343 | Depths:3 | Learned a level 8 spell: Ignition
 67346 | Depths:3 | Found a viscous altar of Jiyva.
 67451 | Depths:3 | Killed FallenXxXSky's ghost
 68043 | D:12     | Bought a book of Summonings for 770 gold pieces
 68043 | D:12     | Bought a book of Maledictions for 275 gold pieces
 68049 | D:12     | Learned a level 5 spell: Summon Mana Viper
 68268 | Depths:4 | Found a gateway to a ziggurat.
 68303 | Depths:4 | Reached skill level 19 in Fighting
 68412 | Depths:4 | Found a one-way gate to the infinite horrors of the Abyss.
 68521 | Depths:4 | Noticed a juggernaut
 68535 | Depths:4 | Killed a juggernaut
 68572 | Depths:4 | Found an iron altar of Okawaru.
 69504 | Depths:4 | Noticed a juggernaut
 69538 | Depths:4 | Killed a juggernaut
 69538 | Depths:4 | Reached XP level 27. HP: 154/199 MP: 44/44
 69692 | Depths:5 | Entered Level 5 of the Depths
 70286 | Depths:5 | Found a gate to the Realm of Zot.
 71059 | Depths:5 | Found a gate to the Realm of Zot.
 71433 | Zot:1    | Entered Level 1 of the Realm of Zot
 71520 | Zot:1    | Reached skill level 20 in Fighting
 72303 | Zot:2    | Identified the +1 ring mail "Guyst" {Dex+6 Slay+6}
 72729 | Zot:2    | Reached skill level 15 in Conjurations
 72729 | Zot:2    | Reached skill level 15 in Charms
 72729 | Zot:2    | Reached skill level 15 in Summonings
 72729 | Zot:2    | Reached skill level 15 in Necromancy
 72729 | Zot:2    | Reached skill level 15 in Translocations
 72729 | Zot:2    | Reached skill level 15 in Transmutations
 72729 | Zot:2    | Reached skill level 15 in Fire Magic
 72729 | Zot:2    | Reached skill level 15 in Ice Magic
 72729 | Zot:2    | Reached skill level 15 in Air Magic
 72729 | Zot:2    | Reached skill level 15 in Earth Magic
 72729 | Zot:2    | Reached skill level 15 in Poison Magic
 75742 | Vaults:5 | Found Jiluq's Food Shop.
 76263 | Lair:6   | Killed coolio's ghost
 76308 | Slime:1  | Entered Level 1 of the Pits of Slime
 76523 | Slime:1  | Gained mutation: Scrolls take you a little longer to read.
                  | [a shining eye]
 77357 | Slime:2  | Reached skill level 21 in Fighting
 78825 | Slime:5  | Entered Level 5 of the Pits of Slime
 78939 | Slime:5  | Gained mutation: Scrolls take you longer to read. [a
                  | shining eye]
 78942 | Slime:5  | Gained mutation: You are very frail. (-20% HP) [a shining
                  | eye]
 79225 | Slime:5  | Noticed the Royal Jelly
 79239 | Slime:5  | Killed the Royal Jelly
 79348 | Slime:5  | Identified the amulet "Rujossy" {Spirit rC+ Int-5 Dex+4}
 79355 | Slime:5  | Got a slimy rune of Zot
 79372 | Slime:5  | Found the +7 longbow "Piercer" {penet, EV-2}
 79465 | Slime:5  | Identified the cursed +1 falchion of Uwaeseh {slice,
                  | +Blink} (You found it on level 5 of the Pits of Slime)
 79472 | Slime:5  | Identified the +5 falchion "Fuobaw" {speed, *Rage Dex+4}
                  | (You found it on level 5 of the Pits of Slime)
 80882 | Zot:3    | Noticed an orb of fire
 81598 | Zot:3    | Gained mutation: You do not regenerate when monsters are
                  | visible. [an orb of fire]
 81625 | Zot:3    | Killed an orb of fire
 81932 | Depths:2 | Lost mutation: You passively map a small area around you.
                  | [potion of mutation]
 81932 | Depths:2 | Lost mutation: Scrolls take you longer to read. [potion of
                  | mutation]
 81932 | Depths:2 | Lost mutation: You do not regenerate when monsters are
                  | visible. [potion of mutation]
 81932 | Depths:2 | Lost mutation: You are very frail. (-20% HP) [potion of
                  | mutation]
 81932 | Depths:2 | Gained mutation: Armour fits poorly on your strangely
                  | shaped body. [potion of mutation]
 81932 | Depths:2 | Gained mutation: You expend magic power (3 MP) to
                  | strengthen your wands. [potion of mutation]
 81932 | Depths:2 | Lost mutation: You are frail. (-10% HP) [potion of
                  | mutation]
 81981 | Depths:1 | Lost mutation: Armour fits poorly on your strangely shaped
                  | body. [potion of mutation]
 81981 | Depths:1 | Lost mutation: Scrolls take you a little longer to read.
                  | [potion of mutation]
 81981 | Depths:1 | Lost mutation: You have hoof-like feet. [potion of
                  | mutation]
 81981 | Depths:1 | Lost mutation: Your mind is very acute. (Int +4) [potion of
                  | mutation]
 81981 | Depths:1 | Gained mutation: You passively map a small area around you.
                  | [potion of mutation]
 81981 | Depths:1 | Gained mutation: Your system is resistant to poisons.
                  | (rPois) [potion of mutation]
 81981 | Depths:1 | Gained mutation: You have sharp fingernails. [potion of
                  | mutation]
 83899 | Zot:4    | Noticed an ancient lich
 83907 | Zot:4    | Reached skill level 22 in Fighting
 83914 | Zot:4    | Killed an ancient lich
 85807 | Zot:5    | Entered Level 5 of the Realm of Zot
 86725 | Zot:5    | Noticed an ancient lich
 86739 | Zot:5    | Killed an ancient lich
 87068 | Zot:5    | Noticed an ancient lich
 87124 | Zot:5    | Killed an ancient lich
 87134 | Zot:5    | Noticed an ancient lich
 87148 | Zot:5    | Killed an ancient lich
 87345 | Zot:5    | Noticed an orb of fire
 87359 | Zot:5    | Killed an orb of fire
 87445 | Zot:5    | Noticed an orb of fire
 87447 | Zot:5    | Gained mutation: Your spells are a little easier to cast,
                  | but a little less powerful. [an orb of fire]
 87455 | Zot:5    | Killed an orb of fire
 87592 | Zot:5    | Noticed an orb of fire
 87599 | Zot:5    | Killed an orb of fire
 87717 | Zot:5    | Noticed an orb of fire
 87719 | Zot:5    | Noticed an orb of fire
 87733 | Zot:5    | Gained mutation: You are frail. (-10% HP) [an orb of fire]
 87737 | Zot:5    | Killed an orb of fire
 87742 | Zot:5    | Killed an orb of fire
 87742 | Zot:5    | Reached skill level 23 in Fighting
 87933 | Zot:5    | Noticed an orb of fire
 87951 | Zot:5    | Killed an orb of fire
 88709 | Depths:4 | Voluntarily entered the Abyss.
 88795 | Abyss:1  | Identified the +0 ring mail of Bypn {*Slow Dex+3 SInv}
 88964 | Abyss:1  | Found a corrupted altar of Lugonu.
 88988 | Abyss:1  | Found a sacrificial altar of Ru.
 89711 | Abyss:2  | Paralysed by accursed screaming for 1 turns
 89957 | Abyss:3  | Got an abyssal rune of Zot
 90483 | Depths:4 | Escaped the Abyss
 90747 | Crypt:1  | Entered Level 1 of the Crypt
 91050 | Crypt:1  | Noticed Saint Roka
 91065 | Crypt:1  | Killed Saint Roka
 91212 | Crypt:1  | Identified the +2 leather armour of Cowardice {rElec rF+++
                  | Str-5 Slay+4}
 92015 | Crypt:2  | Found a basalt altar of Yredelemnul.
 92620 | Crypt:3  | Entered Level 3 of the Crypt
 93236 | Crypt:3  | Reached skill level 24 in Fighting
 93429 | Crypt:3  | Noticed an ancient lich
 93430 | Crypt:3  | Found an ancient bone altar of Kikubaaqudgha.
 93455 | Crypt:3  | Killed an ancient lich
 93581 | Crypt:3  | Identified the Disquisition on Unholy Secrets
 93633 | Crypt:3  | Identified the +6 whip of Sevugey {pain, Str+3 Int-3 Dex+3}
                  | (You found it on level 3 of the Crypt)
 94174 | Crypt:3  | Found a staircase to the Tomb.
 94672 | Tomb:1   | Entered Level 1 of the Tomb of the Ancients
 95701 | Hell     | Entered the Vestibule of Hell
 95701 | Hell     | Noticed Geryon
 95701 | Hell     | Noticed Murray
 95705 | Hell     | Gained mutation: Your magical capacity is low. (-10% MP) [a
                  | cacodemon]
 95706 | Hell     | Gained mutation: You tend to lose your temper in combat. [a
                  | cacodemon]
 95717 | Hell     | Gained mutation: You often lose your temper in combat. [a
                  | cacodemon]
 97450 | Depths:4 | Learned a level 9 spell: Fire Storm
 98574 | Lair:1   | Learned a level 8 spell: Controlled Blink
 98584 | Lair:1   | Learned a level 9 spell: Glaciate
 98841 | Vaults:5 | Bought a ration for 50 gold pieces
 98841 | Vaults:5 | Bought a ration for 50 gold pieces
 98841 | Vaults:5 | Bought a ration for 50 gold pieces
 98841 | Vaults:5 | Bought a ration for 50 gold pieces
 98841 | Vaults:5 | Bought a ration for 50 gold pieces
 98841 | Vaults:5 | Bought a ration for 50 gold pieces
 98841 | Vaults:5 | Bought a ration for 50 gold pieces
 98841 | Vaults:5 | Bought a ration for 50 gold pieces
 99227 | Hell     | Killed Geryon
 99227 | Hell     | Killed Murray
 99826 | Hell     | Found a gateway to the freezing wastes of Cocytus.
 99866 | Hell     | Found a gateway to the decaying netherworld of Tartarus.
100182 | Hell     | Found a gateway to the ashen valley of Gehenna.
100241 | Hell     | Found a gateway to the Iron City of Dis.
100593 | Geh:1    | Entered Level 1 of Gehenna
101267 | Pan      | Entered Pandemonium
101507 | Pan      | Gained mutation: You are weak. (Str -2) [a cacodemon]
101645 | Pan      | Noticed Wevum the pandemonium lord
101738 | Pan      | Killed Wevum the pandemonium lord
102085 | Pan      | Got a demonic rune of Zot
102407 | Pan      | Found an exit through the horrors of the Abyss.
102860 | Pan      | Noticed Siar the pandemonium lord
102871 | Pan      | Killed Siar the pandemonium lord
103048 | Pan      | Lost mutation: You are weak. (Str -2) [a cacodemon]
103779 | Pan      | Learned a level 6 spell: Bolt of Fire
104009 | Pan      | Found an exit through the horrors of the Abyss.
104580 | Pan      | Found a huge runed gate.
104600 | Pan      | Found a huge runed gate.
104600 | Pan      | Found a huge runed gate.
104600 | Pan      | Found a huge runed gate.
104600 | Pan      | Found a huge runed gate.
104600 | Pan      | Found a huge runed gate.
104600 | Pan      | Found a huge runed gate.
104604 | Pan      | Noticed Viazekhi the pandemonium lord
105063 | Pan      | Noticed Racu the pandemonium lord
105564 | Pan      | Killed Racu the pandemonium lord
106553 | Pan      | Noticed Bucrumm the pandemonium lord
106888 | Pan      | Reached skill level 25 in Fighting
107461 | Pan      | Killed Bucrumm the pandemonium lord
107617 | Pan      | Entered the realm of Cerebov.
107891 | Pan      | Identified the ring "Ablanuh" {rF+ Str+5 Dex+4}
107905 | Pan      | Identified the ring "Xyudol" {*Tele +Inv rPois MR+ SInv}
107961 | Pan      | Identified the amulet "Zigudius" {Spirit Str+2}
107961 | Pan      | Identified the +2 robe "Emahaac" {rPois rF+ Str+3}
108414 | Pan      | Learned a level 6 spell: Bolt of Cold
108616 | Pan      | Noticed Cerebov
109160 | Pan      | Identified the Handbook of the Earthen Entourage
109255 | Pan      | Killed from afar by a balrug

Skill      XL: |  1  2  3  4  5  6  7  8  9 10 11 12 13 14 15 16 17 18 19 20 21 22 23 24 25 26 27 |
---------------+----------------------------------------------------------------------------------+-----
Invocations    | 1 2 3 4 5 6 7 8 9 10 11 12 13 14 15 16 17 18 22 | 22.6
Short Blades   | 1 2 3 4 5 6 7 8 9 10 11 12 13 14 15 16 21 | 21.1
Long Blades    | 1 2 3 4 5 6 7 8 9 10 11 12 13 14 15 16 21 | 21.1
Axes           | 1 2 3 4 5 6 7 8 9 10 11 12 13 14 15 16 21 | 21.1
Maces & Flails | 1 2 3 4 5 6 7 8 9 10 11 12 13 14 15 16 21 | 21.1
Polearms       | 1 2 3 4 5 6 7 8 9 10 11 12 13 14 15 16 21 | 21.1
Staves         | 1 2 3 4 5 6 7 8 9 10 11 12 13 14 15 16 21 | 21.1
Bows           | 1 2 3 4 5 6 7 8 9 10 11 12 13 14 15 16 21 | 21.1
Crossbows      | 1 2 3 4 5 6 7 8 9 10 11 12 13 14 15 16 21 | 21.1
Throwing       | 1 2 3 4 5 6 7 8 9 10 11 12 13 14 15 16 21 | 21.1
Armour         | 1 2 3 4 5 6 7 8 9 10 11 12 13 14 15 16 23 | 23.6
Shields        | 1 2 3 4 5 6 7 8 9 10 11 12 13 14 15 16 21 | 21.1
Unarmed Combat | 1 2 3 4 5 6 7 8 9 10 11 12 13 14 15 16 21 | 21.1
Spellcasting   | 1 2 3 4 5 6 7 8 9 10 11 12 13 14 15 16 17 24 | 24.9
Evocations     | 1 2 3 4 5 6 7 8 9 10 11 12 13 14 15 16 21 | 21.1
Conjurations   | 1 2 3 4 5 6 7 8 9 10 11 12 13 14 18 | 18.3
Hexes          | 1 2 3 4 5 6 7 8 9 10 11 12 13 14 15 16 17 22 | 22.9
Charms         | 1 2 3 4 5 6 7 8 9 10 11 12 13 14 18 | 18.3
Summonings     | 1 2 3 4 5 6 7 8 9 10 11 12 13 14 18 | 18.3
Necromancy     | 1 2 3 4 5 6 7 8 9 10 11 12 13 14 18 | 18.3
Translocations | 1 2 3 4 5 6 7 8 9 10 11 12 13 14 18 | 18.3
Transmutations | 1 2 3 4 5 6 7 8 9 10 11 12 13 14 18 | 18.3
Fire Magic     | 1 2 3 4 5 6 7 8 9 10 11 12 13 14 18 | 18.3
Ice Magic      | 1 2 3 4 5 6 7 8 9 10 11 12 13 14 18 | 18.3
Air Magic      | 1 2 3 4 5 6 7 8 9 10 11 12 13 14 18 | 18.3
Earth Magic    | 1 2 3 4 5 6 7 8 9 10 11 12 13 14 18 | 18.3
Poison Magic   | 1 2 3 4 5 6 7 8 9 10 11 12 13 14 18 | 18.3
Stealth        | 3 4 5 6 7 8 9 10 11 12 13 14 15 16 21 | 21.2
Fighting       | 5 6 7 8 9 10 11 12 13 14 15 16 17 18 19 25 | 25.1
Dodging        | 5 6 7 8 9 10 11 12 13 14 15 16 17 21 | 21.4
Slings         | 9 10 11 12 13 14 15 16 17 18 22 | 22.1

Action                   |  1- 3 |  4- 6 |  7- 9 | 10-12 | 13-15 | 16-18 | 19-21 | 22-24 | 25-27 || total
-------------------------+-------+-------+-------+-------+-------+-------+-------+-------+-------++-------
Melee: Dagger            |    20 |       |   368 |   215 |       |       |       |       |       ||   603
       Bite              |     1 |     1 |    52 |    71 |    48 |    64 |   299 |   278 |  1709 ||  2523
       Short sword       |       |    34 |    72 |   250 |       |       |       |       |       ||   356
       Punch             |       |       |     5 |    15 |    18 |    30 |    41 |       |       ||   109
       Demon trident     |       |       |       |       |   325 |   393 |  1665 |  1069 |  5823 ||  9275
       Staff             |       |       |       |       |       |       |       |   312 |  1265 ||  1577
       Broad axe         |       |       |       |       |       |       |       |       |    36 ||    36
 Fire: Hunting sling     |    69 |    99 |    39 |   377 |   999 |   854 |    93 |   345 |   436 ||  3311
Throw: Stone             |       |       |     1 |    17 |       |       |       |       |       ||    18
       Tomahawk          |       |       |       |       |    40 |   168 |   140 |   152 |   291 ||   791
 Cast: Confuse           |       |       |       |    25 |     1 |       |       |       |       ||    26
       Summon Ice Beast  |       |       |       |     6 |    34 |    97 |    71 |     2 |     4 ||   214
       Summon Lightning  |       |       |       |     4 |    40 |    53 |    58 |    12 |    20 ||   187
       Fulminant Prism   |       |       |       |     3 |     2 |     8 |     3 |       |       ||    16
       Confusing Touch   |       |       |       |     2 |       |       |       |       |       ||     2
       Metabolic Englaci |       |       |       |       |    12 |     9 |     7 |     1 |    10 ||    39
       Iron Shot         |       |       |       |       |       |     7 |    17 |    38 |   242 ||   304
       Dispersal         |       |       |       |       |       |     1 |       |     1 |     1 ||     3
       Portal Projectile |       |       |       |       |       |       |     8 |    11 |    27 ||    46
       Spellforged Servi |       |       |       |       |       |       |     1 |    24 |    47 ||    72
       Invisibility      |       |       |       |       |       |       |     1 |     6 |    25 ||    32
       Ignition          |       |       |       |       |       |       |       |       |    18 ||    18
       Bolt of Cold      |       |       |       |       |       |       |       |       |    28 ||    28
       Summon Mana Viper |       |       |       |       |       |       |       |       |    20 ||    20
       Bolt of Fire      |       |       |       |       |       |       |       |       |    15 ||    15
       Glaciate          |       |       |       |       |       |       |       |       |     9 ||     9
       Controlled Blink  |       |       |       |       |       |       |       |       |     6 ||     6
       Fire Storm        |       |       |       |       |       |       |       |       |     4 ||     4
Invok: Curse Item        |       |       |     3 |       |       |     3 |     2 |     3 |     6 ||    17
       Scrying           |       |       |       |       |     2 |     2 |     1 |     1 |    14 ||    20
 Abil: Evoke Blink       |       |       |       |       |       |       |       |       |     1 ||     1
Evoke: Wand              |       |       |       |     6 |    27 |    29 |    50 |    62 |    55 ||   229
       Phial of floods   |       |       |       |       |     1 |     4 |     3 |     9 |     9 ||    26
       Lamp of fire      |       |       |       |       |       |       |     3 |     7 |    10 ||    20
       Box of beasts     |       |       |       |       |       |       |     1 |     1 |       ||     2
  Use: Scroll            |     1 |     7 |    12 |     9 |    15 |    13 |    14 |    12 |    53 ||   136
       Potion            |       |       |     4 |     9 |     6 |     9 |    13 |     9 |    37 ||    87
 Stab: Sleeping          |     1 |       |    10 |     4 |     3 |     3 |    61 |    26 |    43 ||   151
       Distracted        |       |       |     1 |     1 |    11 |    13 |    44 |    22 |   118 ||   210
       Confused          |       |       |       |     4 |       |     3 |       |       |       ||     7
       Paralysed         |       |       |       |       |    11 |     5 |    29 |    17 |    15 ||    77
       Held in net/web   |       |       |       |       |       |       |     3 |       |     2 ||     5
       Invisible         |       |       |       |       |       |       |     4 |    13 |   174 ||   191
       Betrayed ally     |       |       |       |       |       |       |       |       |     1 ||     1
  Eat: Chunk             |     2 |     4 |    13 |     4 |    21 |     7 |    26 |    11 |    23 ||   111
       Ration            |       |       |     1 |     6 |     5 |    12 |     8 |    11 |    47 ||    90
Armor: Leather armour    |     1 |       |       |       |       |       |       |       |       ||     1
       Steam dragon scal |    14 |     6 |   121 |   160 |   128 |   177 |   197 |    81 |       ||   884
       Skin              |       |       |       |    21 |       |       |       |       |       ||    21
       Scale mail        |       |       |       |       |       |       |       |    89 |  1003 ||  1092
Dodge: Dodged            |    52 |    30 |   322 |   390 |   444 |   866 |  1140 |   684 |  4463 ||  8391
Block: Buckler           |       |       |       |       |       |       |    15 |       |       ||    15
       Shield            |       |       |       |       |       |       |   528 |   742 |  4847 ||  6117
